 Dungeon Crawl Stone Soup version 0.29.0-7-g18a832c13a (webtiles) character file.

Game seed: 16957006663061624118

202744 nickcage the Shatterer (level 17, -6/169 HPs)
             Began as a Minotaur Gladiator on Aug 29, 2022.
             Was the Champion of the Shining One.
             Mangled by a naga warrior
             ... wielding a +0 flail
              (18 damage)
             ... on level 1 of the Snake Pit on Aug 30, 2022.
             The game lasted 02:16:24 (31741 turns).

nickcage the Shatterer (Minotaur Gladiator)        Turns: 31741, Time: 02:16:24

Health: -6/169     AC: 32    Str: 25    XL:     17   Next: 95%
Magic:  17/22      EV:  6    Int: 13    God:    the Shining One [******]
Gold:   2793       SH: 15    Dex: 14    Spells: 11/16 levels left

rFire   + . .      SeeInvis .   V - +4 morningstar (vorpal)
rCold   . . .      Faith    .   W - +2 kite shield
rNeg    + + +      Spirit   .   y - +8 chain mail "Zot Qept" {Int+3}
rPois   +          Reflect  .   X - +2 hat
rElec   .          Harm     .   N - +2 cloak {rPois}
rCorr   .          Rampage  .   U - +0 pair of gloves
Will    +....                   T - +1 pair of boots of Taumeur {Int+5}
Stlth   ..........              Q - amulet of regeneration
HPRegen 1.18/turn               I - +4 ring of slaying
MPRegen 0.18/turn               A - ring of protection from fire

@: glowing, constricted, studying Fire Magic
A: horns 2, retaliatory headbutt
}: 1/15 runes: decaying
a: Renounce Religion, Divine Shield, Cleansing Flame, Summon Divine Warrior,
Brand Weapon With Holy Wrath


You were on level 1 of the Snake Pit.
You worshipped the Shining One.
The Shining One was exalted by your worship.
You visited 7 branches of the dungeon, and saw 29 of its levels.
You visited the Abyss 1 time.
You also visited: Ossuary and Gauntlet.

You collected 3085 gold pieces.
You spent 292 gold pieces at shops.

Inventory:

Hand Weapons
 a - a +1 flail
 d - the +4 rapier "Jijag" {speed, rF+ rN+ rCorr Dex+7}
   (You found it on level 1 of the Swamp)

   Attacks with this weapon are significantly faster.
   Dex:       It affects your dexterity (+7).
   rF:        It protects you from fire.
   rN:        It protects you from negative energy.
   rCorr:     It protects you from acid and corrosion.
 V - a +4 vorpal morningstar (weapon)
Missiles
 e - 28 javelins
 q - 33 poisoned darts (quivered)
 L - 4 curare-tipped darts
Armour
 i - a +0 tower shield
 u - a +4 plate armour
 y - the +8 chain mail "Zot Qept" (worn) {Int+3}
   (You found it on level 8 of the Dungeon)

   Int:       It affects your intelligence (+3).
 N - a +2 cloak of poison resistance (worn)
 T - the +1 pair of boots of Taumeur (worn) {Int+5}
   (You found it on level 10 of the Dungeon)

   Int:       It affects your intelligence (+5).
 U - a +0 pair of gloves (worn)
 W - a +2 kite shield (worn)
 X - a +2 hat (worn)
Jewellery
 g - a ring of protection from cold
 A - a ring of protection from fire (right hand)
 B - a ring of positive energy
 I - a +4 ring of slaying (left hand)
 Q - an amulet of regeneration (around neck)
Wands
 f - a wand of mindburst (6)
 m - a wand of polymorph (14)
 w - a wand of quicksilver (13)
 C - a wand of digging (4)
 G - a wand of roots (45)
 K - a wand of charming (29)
 M - a wand of flame (74)
Scrolls
 b - 3 scrolls of butterflies
 c - 2 scrolls of poison
 k - 5 scrolls of teleportation
 p - 5 scrolls of magic mapping
 F - 2 scrolls of blinking
 P - 18 scrolls of identify
 S - 3 scrolls of amnesia
 Y - 4 scrolls of fear
Potions
 h - 6 potions of haste
 j - 11 potions of mutation
 l - 24 potions of curing
 n - 10 potions of lignification
 o - 2 potions of flight
 r - 4 potions of heal wounds
 s - 2 potions of brilliance
 x - 2 potions of resistance
 z - 2 potions of might
 H - 2 potions of cancellation
 J - 8 potions of ambrosia
Miscellaneous
 t - a lightning rod (4/4)
 D - a lightning rod (4/4)
 R - a phial of floods


   Skills:
 + Level 19.7 Fighting
 + Level 23.8 Maces & Flails
 - Level 2.0 Throwing
 + Level 17.7 Armour
 - Level 3.2 Dodging
 * Level 14.1 Shields
 - Level 8.0 Invocations


You had 11 spell levels left.
You knew the following spells:

 Your Spells              Type           Power      Damage    Failure   Level
a - Silence               Hex/Air        0%         N/A       100%        5

Your spell library contained the following spells:

 Spells                   Type           Power      Damage    Failure   Level
 Freeze                   Ice            0%         1d3       90%         1
 Magic Dart               Conj           0%         1d3       90%         1
 Shock                    Conj/Air       0%         1d3       90%         1
 Call Imp                 Summ           0%         N/A       97%         2
 Ensorcelled Hibernation  Hex/Ice        0%         N/A       97%         2
 Passwall                 Tmut/Erth      0%         N/A       97%         2
 Static Discharge         Conj/Air       0%         3-3/arc   97%         2
 Sublimation of Blood     Necr           0%         N/A       97%         2
 Wereblood                Tmut           0%         N/A       97%         2
 Call Canine Familiar     Summ           0%         N/A       99%         3
 Frozen Ramparts          Ice            0%         1d1       99%         3
 Gell's Gravitas          Tloc           0%         N/A       99%         3
 Mephitic Cloud           Conj/Pois/Air  0%         N/A       99%         3
 Ozocubu's Armour         Ice            0%         N/A       99%         3
 Portal Projectile        Hex/Tloc       0%         N/A       99%         3
 Swiftness                Air            0%         N/A       99%         3
 Teleport Other           Tloc           0%         N/A       99%         3
 Tukima's Dance           Hex            0%         N/A       99%         3
 Airstrike                Air            0%         2d(0-16)  100%        4
 Dispel Undead            Necr           0%         3d6       100%        4
 Hailstorm                Conj/Ice       0%         3d3       100%        4
 Ice Form                 Ice/Tmut       0%         N/A       100%        4
 Leda's Liquefaction      Hex/Erth       0%         N/A       100%        4
 Olgreb's Toxic Radiance  Pois           0%         N/A       100%        4
 Passage of Golubria      Tloc           0%         N/A       100%        4
 Sticky Flame             Conj/Fire      0%         2d3       100%        4
 Blade Hands              Tmut           0%         N/A       100%        5
 Lee's Rapid Deconstruct  Erth           0%         3d5*      100%        5
 Metabolic Englaciation   Hex/Ice        0%         N/A       100%        5
 Yara's Violent Unravell  Hex/Tmut       0%         3d3       100%        5
 Dispersal                Tloc           0%         N/A       100%        6
 Simulacrum               Ice/Necr       0%         N/A       100%        6
 Statue Form              Tmut/Erth      0%         N/A       100%        6
 Ozocubu's Refrigeration  Ice            0%         4d7       100%        7
 Summon Hydra             Summ           0%         N/A       100%        7
 Ignition                 Fire           0%         3d3       100%        8
 Lehudib's Crystal Spear  Conj/Erth      0%         10d2      100%        8


Dungeon Overview and Level Annotations

Branches:
Dungeon (15/15)            Temple (1/1) D:4            Lair (5/5) D:11
  Swamp (4/4) Lair:3        Snake (1/4) Lair:2        Slime (0/5) Lair:5
    Orc (2/2) D:10            Elf (1/3) Orc:2        Vaults (0/5) D:14
 Depths (0/4) D:15        Ossuary (visited)         Gauntlet (visited)

Altars:
Ashenzari
Cheibriados
Dithmenos
Elyvilon
Fedhas
Hepliaklqana
Kikubaaqudgha
Makhleb
Nemelex Xobeh
Okawaru
Qazlal
Ru
Sif Muna
Trog
Uskayaw
Vehumet
Wu Jian
Xom
Yredelemnul
Zin
The Shining One
Jiyva

Shops:
D:14 (   Orc:2 [*[?

Portals:
Abyss: D:3

Annotations:
D:3 2 transporters, Esekla's ghost, weakling MeWn
D:10 1 transporter
Orc:1 2 transporters


Innate Abilities, Weirdness & Mutations

You have a pair of horns on your head.
You reflexively headbutt those who attack you in melee.


Message History

The naga barely misses you. You furiously retaliate!
You headbutt the naga! You barely miss the naga warrior.
Your headbutt misses the naga warrior.
The naga warrior is severely wounded.
You block the naga warrior's attack. The naga warrior constricts you.
The naga warrior spits poison at you.
The splash of poison hits you but does no damage.
You resist. The naga hits you but does no damage.
The naga hits you with a +0 hand axe.
You thump the naga warrior!
The naga warrior is almost dead.
The naga warrior hits you with a +0 battleaxe!!
* * * LOW HITPOINT WARNING * * *
The naga warrior constricts you. You block the naga warrior's attack.
The naga hits you with a +0 flail!
* * * LOW HITPOINT WARNING * * *
You feel much better. The naga hits you with a +0 hand axe.
* * * LOW HITPOINT WARNING * * *
You block the naga warrior's attack. The naga warrior constricts you.
* * * LOW HITPOINT WARNING * * *
The naga hits you with a +0 flail!!
* * * LOW HITPOINT WARNING * * *
The naga warrior hits you with a +0 flail!
The Shining One protects you from harm!
Activating: Cleansing Flame (12% risk of failure)
Press: ? - help, Dir - look around, f - activate The golden flame engulfs you but does no damage.
You resist.
The golden flame engulfs the naga warrior!
The naga warrior is lightly wounded.
The golden flame engulfs the naga!!
You kill the naga!
The golden flame engulfs the naga warrior.
The naga warrior is almost dead.
The golden flame engulfs the naga!!
The naga is severely wounded.
The naga warrior spits poison at you. You block the splash of poison.
The naga warrior constricts you. The naga hits you but does no damage.
The naga warrior hits you with a +0 flail!!
You die...

#...##...##...
#...##...##... #
#...##...##... ..
#'####..####.. ...
#.###...#####. ....
#..........##.
.....######..........##.
......'))##########..###
.....##@N###########..##
..N #NN##.......##.... .
#..'.........'....
#..##.......##....
#..##.......##....
##################


You could see 2 naga warriors and a naga (strong).

Vanquished Creatures
  the Lernaean hydra (Swamp:4)
  Nikola (Lair:3)
  Jorgrun (Swamp:1)
  2 tentacled starspawn (Abyss:2)
  Roxanne (Elf:1)
  A thorn hunter (Swamp:4)
  Gastronok (D:11)
  A deep elf sorcerer (Elf:1)
  An orc warlord (Orc:2)
  The ghost of iguanaiguana the Grappler, a journeyman TrCA of Okawaru (Swamp:1)
  Louise (Snake:1)
  A juggernaut skeleton (D:15)
  The ghost of Epsin the Fighter, a journeyman MiFi of Okawaru (D:15)
  7 eleionomae
  Nessos (Lair:5)
  4 bunyips
  A minotaur (Gauntlet)
  A deep elf annihilator (Elf:1)
  A fire dragon (D:15)
  A deep elf high priest (Elf:1)
  A great orb of eyes (Abyss:2)
  A quicksilver dragon skeleton (Abyss:2)
  Fannar (Lair:2)
  The ghost of SensoryNuts the Carver, a journeyman DrBr of Elyvilon (Orc:1)
  3 boulder beetles
  A spriggan air mage (Swamp:1)
  A rakshasa (D:15)
  23 hydras
  2 ghost crabs (Swamp:4)
  8 centaur warriors
  2 ogre magi (D:15)
  14 two-headed ogres
  3 catoblepae
  2 death knights
  3 vault guards (D:14)
  A dancing weapon (Elf:1)
  7 death yaks
  20 alligators
  5 orc high priests (Orc:2)
  A hell hog (Abyss:2)
  3 tengu warriors
  Urug (Orc:2)
  A naga sharpshooter (Snake:1)
  A shock serpent (Snake:1)
  2 deep elf knights (Elf:1)
  A spriggan berserker (Swamp:1)
  A fire crab (shapeshifter) (D:14)
  A wretched star (Abyss:2)
  A sixfirhy (Gauntlet)
  4 goliath frogs
  A salamander mystic (Snake:1)
  A glowing orange brain (Abyss:2)
  A spectral anaconda (Snake:1)
  3 skeletal warriors (D:15)
  4 anaconda zombies (Snake:1)
  4 spriggan druids
  13 swamp dragons
  3 bog bodies
  2 phantasmal warriors
  2 anaconda skeletons (Snake:1)
  4 deep elf archers (Elf:1)
  7 orc knights
  A golden dragon skeleton (D:15)
  A necromancer (D:15)
  13 deep elf zephyrmancers (Elf:1)
  An oklob plant (Lair:1)
  6 deep elf pyromancers
  A salamander (shapeshifter) (D:14)
  A worldbinder (Abyss:2)
  A mana viper (Snake:1)
  3 will-o-the-wisps
  An orc sorcerer (Orc:2)
  Maurice (D:8)
  2 salamanders (Snake:1)
  A wolf spider (D:14)
  10 cyclopes
  8 ugly things
  A tengu skeleton (D:15)
  4 manticores
  2 black mambas
  2 guardian serpents
  A smoke demon (Abyss:2)
  A naga mage (Snake:1)
  11 cane toads
  An efreet (D:14)
  Maggie (D:7)
  An unseen horror (D:12)
  3 tengu conjurers
  14 komodo dragons
  9 anaconda simulacra (Snake:1)
  A freezing wraith (Abyss:2)
  6 rime drakes
  A queen bee (D:15)
  2 bloated husks
  6 large abominations (Abyss:2)
  5 polar bears (Lair:5)
  4 meliai
  8 trolls
  9 tyrant leeches
  Grinder (D:5)
  5 blink frogs (Lair:4)
  9 slime creatures
  3 small abominations (Abyss:2)
  8 dream sheep
  13 hornets
  An air elemental (Elf:1)
  23 spriggans
  6 shadows
  4 wyverns
  A spriggan skeleton (D:15)
  40 yaks
  2 ynoxinuls (Abyss:2)
  5 wraiths
  3 fire bats (Abyss:2)
  A water elemental (Elf:1)
  6 basilisks
  A neqoxec (Abyss:2)
  9 humans (D:14)
  A steam dragon (D:6)
  2 vampire mosquitoes (D:12)
  5 wargs
  4 nagas (Snake:1)
  15 swamp worms
  4 acid dragons
  30 orc warriors
  A spectral troll (Orc:1)
  9 swamp drakes
  10 water moccasins
  4 black bears
  2 ice beasts
  8 ogres
  9 boggarts
  21 wolves
  13 centaurs
  A phantom (D:7)
  An elf zombie (Ossuary)
  5 kobold brigands
  13 bullfrogs
  4 scorpions
  A spectral warg (Orc:1)
  13 wights
  19 killer bees
  A spectral ogre (Orc:1)
  2 electric eels
  4 howler monkeys
  18 jellies
  4 hounds
  36 orc priests
  2 iron imps (Abyss:2)
  Natasha (thrice) (D:3)
  14 iguanas
  20 orc wizards
  3 spectral orcs (Orc:1)
  4 mummies (Ossuary)
  2 gnolls (D:4)
  An ogre simulacrum (Orc:1)
  11 adders
  3 white imps
  5 ufetubi
  An adder zombie (Ossuary)
  2 worms (D:2)
  The ghost of ShnitzelX2 the Sneak, a weakling FeDe (D:6)
  86 orcs
  5 endoplasms
  4 giant cockroaches
  2 gnoll zombies (Ossuary)
  5 goblins
  5 hobgoblins
  3 jackals (D:3)
  A quokka (D:2)
  9 ball pythons
  10 bats
  15 frilled lizards
  3 goblin zombies (Ossuary)
  2 hobgoblin zombies (Ossuary)
  A jackal zombie (Ossuary)
  24 kobolds
  An orc zombie (Ossuary)
  9 rats
  A rat zombie (Ossuary)
  A briar patch (Swamp:4)
  A lurking horror (Abyss:2)
996 creatures vanquished.

Vanquished Creatures (others)
  A tengu conjurer (D:14)
  An orc (D:8)
  2 frilled lizards (Lair:4)
  2 briar patches (Swamp:4)
  14 foxfires
  33 fungi
  23 plants
  4 starspawn tentacles (Abyss:2)
  14 withered plants (Gauntlet)
94 creatures vanquished.

Grand Total: 1090 creatures vanquished

Notes
Turn   | Place    | Note
-------+----------+-------------------------------------------
     0 | D:1      | nickcage the Minotaur Gladiator began the quest for the
                  | Orb.
     0 | D:1      | Reached XP level 1. HP: 18/18 MP: 0/0
   256 | D:1      | Reached skill level 4 in Maces & Flails
   312 | D:1      | Reached XP level 2. HP: 25/25 MP: 1/1
   522 | D:2      | Found a faded altar of an unknown god.
   614 | D:2      | Reached skill level 5 in Maces & Flails
   614 | D:2      | Reached XP level 3. HP: 27/30 MP: 2/2
  1132 | D:2      | Reached skill level 6 in Maces & Flails
  1132 | D:2      | Reached XP level 4. HP: 34/37 MP: 3/3
  1549 | D:3      | Found a transporter.
  1565 | D:3      | Noticed Natasha
  1576 | D:3      | Killed Natasha
  1671 | D:3      | Found a transporter.
  1678 | D:3      | Found a one-way gate to the infinite horrors of the Abyss.
  1678 | D:3      | Noticed Esekla's ghost (weakling MeWn)
  1679 | D:3      | Noticed a small abomination
  1680 | D:3      | Noticed a kobold brigand
  1680 | D:3      | Noticed a toenail golem
  1681 | D:3      | Noticed a small abomination
  1713 | D:3      | Noticed Natasha
  1721 | D:3      | Killed Natasha
  1722 | D:3      | Reached skill level 7 in Maces & Flails
  1722 | D:3      | Reached XP level 5. HP: 31/42 MP: 4/4
  2047 | D:3      | Noticed Natasha
  2058 | D:3      | Killed Natasha
  2491 | D:4      | Found a staircase to the Ecumenical Temple.
  2496 | Temple   | Entered the Ecumenical Temple
  2512 | Temple   | Became a worshipper of the Shining One
  2781 | D:4      | Reached skill level 8 in Maces & Flails
  3148 | D:4      | Reached XP level 6. HP: 36/50 MP: 5/5
  3265 | D:4      | Found a shimmering altar of Xom.
  3614 | D:5      | Entered Level 5 of the Dungeon
  3616 | D:5      | Found a shimmering blue altar of Sif Muna.
  3763 | D:5      | Noticed an ice beast
  3770 | D:5      | Killed an ice beast
  3771 | D:5      | Reached skill level 9 in Maces & Flails
  4034 | D:5      | Reached XP level 7. HP: 56/56 MP: 6/6
  4152 | D:5      | Reached skill level 10 in Maces & Flails
  4190 | D:5      | Reached * piety under the Shining One
  4201 | D:5      | HP: 2/56 [killer bee (7)]
  4202 | D:5      | Reached skill level 11 in Maces & Flails
  4549 | D:5      | Reached XP level 8. HP: 52/62 MP: 7/7
  4609 | D:5      | Reached skill level 12 in Maces & Flails
  4713 | D:5      | Noticed Grinder
  4788 | D:5      | Killed Grinder
  4789 | D:5      | Reached skill level 1 in Armour
  5295 | D:6      | Reached skill level 13 in Maces & Flails
  5531 | D:6      | Reached XP level 9. HP: 56/71 MP: 8/8
  5619 | D:6      | Noticed ShnitzelX2's ghost (weakling FeDe)
  5622 | D:6      | Found a runed translucent gate.
  5623 | D:6      | Found a runed translucent gate.
  5623 | D:6      | Found a runed translucent gate.
  5768 | D:6      | Reached skill level 1 in Shields
  6039 | D:6      | Killed ShnitzelX2's ghost
  6223 | D:7      | Reached ** piety under the Shining One
  6224 | D:7      | Reached skill level 14 in Maces & Flails
  6232 | D:7      | Found a sand-covered staircase.
  6236 | Ossuary  | Entered an ossuary
  6301 | Ossuary  | Reached *** piety under the Shining One
  6556 | D:7      | Noticed Maggie
  6564 | D:7      | Killed Maggie
  6565 | D:7      | Reached skill level 5 in Fighting
  6568 | D:7      | Found a blossoming altar of Fedhas.
  6691 | D:7      | Reached skill level 5 in Armour
  6728 | D:7      | Found an ancient bone altar of Kikubaaqudgha.
  7013 | D:7      | Found a basalt altar of Yredelemnul.
  7164 | D:8      | Noticed a cyclops
  7172 | D:8      | Killed a cyclops
  7292 | D:8      | HP: 2/75 [orc warrior/+0 glaive (18)]
  7294 | D:8      | Reached XP level 10. HP: 2/83 MP: 9/9
  7429 | D:8      | Noticed Maurice
  7674 | D:8      | Killed Maurice
  8311 | D:8      | Identified the +8 chain mail "Zot Qept" {Int+3}
  8911 | D:9      | Found a hide-covered altar of Uskayaw.
  8913 | D:9      | Noticed a two-headed ogre
  8921 | D:9      | Killed a two-headed ogre
  8922 | D:9      | Reached skill level 5 in Shields
  8934 | D:9      | Reached skill level 15 in Maces & Flails
  9281 | D:9      | Reached **** piety under the Shining One
 10034 | D:9      | Found a shadowy altar of Dithmenos.
 10118 | D:9      | Found a snail-covered altar of Cheibriados.
 10259 | D:10     | Entered Level 10 of the Dungeon
 10289 | D:10     | Found a transporter.
 10290 | D:10     | Found a transporter.
 10293 | D:10     | Found a transporter.
 10330 | D:10     | Found a transporter.
 10389 | D:10     | Noticed a cyan ugly thing
 10417 | D:10     | Killed a cyan ugly thing
 10498 | D:10     | Noticed a two-headed ogre
 10510 | D:10     | Killed a two-headed ogre
 10511 | D:10     | Reached XP level 11. HP: 94/94 MP: 10/10
 10512 | D:10     | Identified the +1 pair of boots of Taumeur {Int+5}
 10823 | D:10     | Found a staircase to the Orcish Mines.
 11465 | D:11     | Noticed Gastronok
 11491 | D:11     | Killed Gastronok
 11706 | D:11     | Found a staircase to the Lair.
 11838 | D:12     | Noticed a two-headed ogre
 11840 | D:12     | Noticed a four-headed hydra
 11846 | D:12     | Killed a two-headed ogre
 11847 | D:12     | Reached skill level 16 in Maces & Flails
 11856 | D:12     | Killed a four-headed hydra
 11857 | D:12     | Reached skill level 10 in Armour
 12126 | D:12     | Noticed a two-headed ogre
 12126 | D:12     | Noticed a green ugly thing
 12145 | D:12     | Killed a two-headed ogre
 12158 | D:12     | Killed a green ugly thing
 12179 | D:12     | Noticed a two-headed ogre
 12186 | D:12     | Reached skill level 10 in Fighting
 12193 | D:12     | Killed a two-headed ogre
 12319 | Lair:1   | Entered Level 1 of the Lair of Beasts
 12328 | Lair:1   | Noticed a catoblepas
 12346 | Lair:1   | Killed a catoblepas
 12347 | Lair:1   | Reached XP level 12. HP: 89/106 MP: 11/11
 12374 | Lair:1   | Noticed a catoblepas
 12536 | D:11     | Killed a catoblepas
 12825 | Lair:1   | Reached ***** piety under the Shining One
 13583 | Lair:2   | Noticed a four-headed hydra
 13593 | Lair:2   | Killed a four-headed hydra
 13594 | Lair:2   | Reached skill level 17 in Maces & Flails
 13725 | Lair:2   | Noticed Fannar
 13736 | Lair:2   | Killed Fannar
 14014 | Lair:2   | Found a staircase to the Snake Pit.
 14181 | Lair:2   | Identified the +11 hand axe of Jonom {elec, Will+ Dex+3}
 14580 | Lair:3   | Found a basalt altar of Yredelemnul.
 14594 | Lair:3   | Noticed an eight-headed hydra
 14605 | Lair:3   | Killed an eight-headed hydra
 14835 | Lair:3   | Noticed a seven-headed hydra
 14850 | Lair:3   | Killed a seven-headed hydra
 14851 | Lair:3   | Reached XP level 13. HP: 80/119 MP: 12/12
 14978 | Lair:3   | Found a staircase to the Swamp.
 15086 | Lair:3   | Identified the +1 robe of Free Will {Fly Str+6 Stlth-
                  | Archmagi}
 16143 | Lair:4   | Reached skill level 18 in Maces & Flails
 16656 | Lair:5   | Entered Level 5 of the Lair of Beasts
 16656 | Lair:5   | Found a viscous altar of Jiyva.
 16667 | Lair:5   | Found a staircase to the Slime Pits.
 16730 | Lair:4   | Upgraded the game from 0.29.0-5-ge4962eb29e to
                  | 0.29.0-7-g18a832c13a
 16874 | Lair:5   | Noticed Nessos
 17037 | Lair:5   | Killed Nessos
 17400 | Lair:5   | Reached skill level 19 in Maces & Flails
 17403 | Lair:5   | Reached XP level 14. HP: 117/133 MP: 13/13
 17658 | Lair:5   | Reached skill level 15 in Fighting
 18652 | D:13     | Reached skill level 15 in Armour
 19072 | D:13     | Reached skill level 20 in Maces & Flails
 20053 | D:14     | Identified the +9 sling of Accidental Termination {flame,
                  | rF+ rN+ Will- Dex+2}
 20414 | D:14     | Reached skill level 1 in Invocations
 20451 | D:14     | Found a gate to the Vaults.
 20567 | D:14     | Found Etsio's Antique Weapon Boutique.
 20690 | D:15     | Entered Level 15 of the Dungeon
 20761 | D:15     | Reached skill level 21 in Maces & Flails
 20761 | D:15     | Reached XP level 15. HP: 125/145 MP: 15/15
 21526 | D:15     | Reached ****** piety under the Shining One
 21709 | D:15     | Found a runed translucent gate.
 21709 | D:15     | Noticed Epsin's ghost (journeyman MiFi)
 21710 | D:15     | Found a runed translucent gate.
 21711 | D:15     | Found a runed translucent gate.
 21912 | D:15     | Found a staircase to the Depths.
 22571 | D:15     | Killed Epsin's ghost
 22612 | D:15     | Identified the +6 scimitar of the Thoughtful Orbs {vorpal,
                  | SInv}
 22754 | Orc:1    | Entered Level 1 of the Orcish Mines
 22923 | Orc:1    | Reached skill level 22 in Maces & Flails
 22937 | Orc:1    | Found a runed translucent gate.
 22937 | Orc:1    | Found a runed translucent gate.
 22937 | Orc:1    | Found a runed translucent gate.
 22938 | Orc:1    | Noticed SensoryNuts's ghost (journeyman DrBr)
 23045 | Orc:1    | Found a transporter.
 23179 | Orc:1    | Killed SensoryNuts's ghost
 23218 | Orc:1    | Found a transporter.
 23270 | Orc:2    | Entered Level 2 of the Orcish Mines
 23279 | Orc:2    | Noticed an orc warlord
 23418 | Orc:2    | Killed an orc warlord
 23456 | Orc:2    | Found a staircase to the Elven Halls.
 23581 | Orc:2    | Found a gate leading to a gauntlet.
 23607 | Gauntlet | Entered a Gauntlet
 23607 | Gauntlet | Found a transporter.
 23607 | Gauntlet | Found a transporter.
 23608 | Gauntlet | Found a transporter.
 23609 | Gauntlet | Found a transporter.
 23611 | Gauntlet | Found a transporter.
 23612 | Gauntlet | Found a transporter.
 23658 | Gauntlet | Found a transporter.
 23661 | Gauntlet | Found a transporter.
 23678 | Gauntlet | Found a transporter.
 23696 | Gauntlet | Found a transporter.
 23710 | Gauntlet | Found a transporter.
 23713 | Gauntlet | Found a transporter.
 23717 | Gauntlet | Found a runed translucent door.
 23717 | Gauntlet | Found a runed translucent door.
 23818 | Gauntlet | Identified the +0 hat of the Beekeeper {Harm}
 23845 | Gauntlet | Identified the +2 rapier of Wrongful Imprisonment {vorpal,
                  | rElec rPois rF+ Dex-2}
 24088 | Orc:2    | Noticed Urug
 24105 | Orc:2    | Killed Urug
 24574 | Orc:2    | Reached XP level 16. HP: 157/157 MP: 18/18
 24615 | Orc:2    | Reached skill level 5 in Invocations
 24726 | Orc:2    | Found Kasatist's Armour Shoppe.
 24727 | Orc:2    | Found Gicygimp's Antique Armour Shoppe.
 24727 | Orc:2    | Found Ykeduyth's General Store.
 24728 | Orc:2    | Found Dukham's Magic Scroll Shoppe.
 24734 | Orc:2    | Bought a scroll of enchant armour for 97 gold pieces
 24734 | Orc:2    | Bought a scroll of brand weapon for 123 gold pieces
 24742 | Orc:2    | Bought a scroll of fear for 72 gold pieces
 25153 | Elf:1    | Entered Level 1 of the Elven Halls
 25333 | Elf:1    | Paralysed by an air elemental for 1 turns
 25954 | Abyss:2  | Cast into level 2 of the Abyss (a deep elf sorcerer)
 26158 | Abyss:2  | Noticed a tentacled starspawn
 26180 | Abyss:2  | Killed a tentacled starspawn
 26190 | Abyss:2  | Noticed a tentacled starspawn
 26211 | Abyss:2  | Killed a tentacled starspawn
 26212 | Abyss:2  | Reached skill level 23 in Maces & Flails
 26318 | Elf:1    | Escaped the Abyss
 26415 | Elf:1    | Noticed Roxanne
 26433 | Elf:1    | Killed Roxanne
 26984 | Swamp:1  | Entered Level 1 of the Swamp
 27052 | Swamp:1  | Found a runed translucent gate.
 27053 | Swamp:1  | Found a runed translucent gate.
 27055 | Swamp:1  | Found a runed translucent gate.
 27080 | Swamp:1  | Noticed Jorgrun
 27189 | Swamp:1  | Noticed Nikola
 27313 | Lair:3   | Killed Nikola
 27445 | Lair:3   | Reached skill level 10 in Shields
 27456 | Swamp:1  | Killed Jorgrun
 27848 | Swamp:1  | Identified the amulet "Qaoxteg" {Acrobat Harm rN++ MP-9}
 27937 | Swamp:1  | Noticed iguanaiguana's ghost (journeyman TrCA)
 27952 | Swamp:1  | Killed iguanaiguana's ghost
 27957 | Swamp:1  | Identified the +4 rapier "Jijag" {speed, rF+ rN+ rCorr
                  | Dex+7}
 28314 | Swamp:2  | Reached XP level 17. HP: 157/166 MP: 21/21
 28357 | Swamp:2  | Learned a level 5 spell: Silence
 29009 | Swamp:3  | HP: 3/166 [tyrant leech[a spriggan druid] (17)]
 29710 | Swamp:4  | Entered Level 4 of the Swamp
 30416 | Swamp:4  | Noticed the 27-headed Lernaean hydra
 30426 | Swamp:4  | Killed the 27-headed Lernaean hydra
 30669 | Swamp:4  | Got a decaying rune of Zot
 31102 | Snake:1  | Entered Level 1 of the Snake Pit
 31230 | Snake:1  | Noticed Louise
 31250 | Snake:1  | Killed Louise
 31740 | Snake:1  | The Shining One protects you from harm!
 31741 | Snake:1  | Mangled by a naga warrior

Illustrated notes

Levels and vault maps discovered:
D:1:      dpeg_arrival_houses_and_road, layout_rooms, chequers_mini_garden
D:2:      layout_loops_ring, basic_ecumenical_altar, hangedman_feature_mirror
D:3:      minmay_wonky_spiral, layout_basic, gammafunk_ghost_abyssal_escape,
          minmay_misc_feat_encased, uniq_natasha
D:4:      layout_cave_pods, tgw_xom, minmay_temple_entry_glassed_door
D:5:      layout_gridville, mainiacjoe_overflow_six_doors_small,
          amcnicky_mini_pool_medium, uniq_grinder
D:6:      layout_gridville, gammafunk_ghost_split, nicolae_lava_and_water
D:7:      layout_loops_ring, fedhas_altar_4, lemuel_coloured_pillars_altar,
          mainiacjoe_overflow_concentric_impassable,
          lightli_ossuary_entry_decrepit_ruins, uniq_maggie
D:8:      layout_basic, blue_anna_alchemist, uniq_maurice
D:9:      layout_loops_ring, overflow_temple_1_default,
          mainiacjoe_overflow_alcove_1, lemuel_round_altar,
          kennysheep_big_empty_room, chequers_serial_rivers_micro_e,
          minmay_fractal_squares_gapless_5
D:10:     layout_irregular_city, orc_0_dummy, nicolae_diode_quadrants
D:11:     layout_roguey, lair_entry_dummy, uniq_gastronok
D:12:     layout_roguey
D:13:     layout_long_grid
D:14:     hangedman_cross_stitches, layout_loops_ring,
          ximxim_vaults_locker_room, amethyst_killhole, serial_shops,
          kennysheep_mini
D:15:     gammafunk_depths_entry_grave, layout_irregular_city,
          gammafunk_ghost_hydra_chop, dreamdust_mushroom_princess, st_stairs_4,
          corner_web_ring, hangedman_abyss_or_decor_slice, grunt_ministairs_14,
          roderic_lattice_a, nrook_pool_corridor, minmay_crystal_room,
          minivault_7
Temple:   nicolae_temple_ecumenical_triangle
Lair:1:   layout_gridlike, nicolae_lair_lil_pond, minivault_27,
          beast_lair_carwin_11, grunt_megastairs_4
Lair:2:   layout_cave_pods, dummy_snake_entry, uniq_fannar
Lair:3:   layout_small_grid, swamp_mist_pool, basic_altar,
          infiniplex_staircase_pool_2
Lair:4:   lemuel_reptile_caves, layout_regular_city, minivault_24,
          serial_bayou_shore_b, lemuel_fruit_fields
Lair:5:   minmay_lair_end_enchanted_forest, layout_concentric_octagons,
          minmay_slime_entry_jelly_boxes, infiniplex_staircase_pool,
          lemuel_fruit_fields, uniq_nessos
Swamp:1:  layout_basic_swamp, ebering_ghost_rock_garden,
          nicolae_swamp_triple_paths, uniq_jorgrun, uniq_nikola
Swamp:2:  layout_basic_swamp, evilmike_swamp_ruin_house_2
Swamp:3:  layout_basic_swamp, evilmike_swamp_ruin_house_4, swamp_pool4
Swamp:4:  swamp_old_school, layout_basic_swamp
Snake:1:  layout_grid_maze, nicolae_snake_dead_anacondas, uniq_louise
Orc:1:    gammafunk_beogh_shrine, layout_diamond_mine,
          gammafunk_ghost_necromancy
Orc:2:    st_orc_pillars, layout_diamond_mine, gauntlet_entry_generic, uniq_urug
Elf:1:    elf_arrival_001, layout_geoelf_diagonals, hangedman_elf_represent,
          uniq_roxanne

Skill      XL: |  1  2  3  4  5  6  7  8  9 10 11 12 13 14 15 16 17 |
---------------+----------------------------------------------------+-----
Maces & Flails | 4 5 6 7 8 9 11 13 14 15 16 17 19 21 22 23 | 23.8
Armour         | 3 5 8 10 13 14 15 16 17 | 17.7
Fighting       | 3 5 8 10 12 14 16 17 18 19 | 19.7
Shields        | 4 7 8 11 14 | 14.1
Invocations    | 1 4 6 8 |  8.0
Throwing       | |  2.0
Dodging        | |  3.2

Action                   |  1- 3 |  4- 6 |  7- 9 | 10-12 | 13-15 | 16-18 || total
-------------------------+-------+-------+-------+-------+-------+-------++-------
Melee: Flail             |    88 |   157 |   231 |   649 |   252 |       ||  1377
       Headbutt          |     9 |    27 |    54 |   206 |   417 |   262 ||   975
       Punch             |       |     1 |     1 |       |       |       ||     2
       Unarmed           |       |       |     1 |       |       |       ||     1
       Morningstar       |       |       |       |       |  1144 |   794 ||  1938
Throw: Dart              |       |       |     1 |    12 |    46 |    20 ||    79
       Javelin           |       |       |       |       |     5 |       ||     5
Invok: Divine Shield     |       |       |       |       |     5 |     4 ||     9
       Cleansing Flame   |       |       |       |       |       |     2 ||     2
  Use: Scroll            |       |     9 |     2 |    13 |     9 |     8 ||    41
       Potion            |       |       |     5 |       |     1 |     8 ||    14
Armor: Chain mail        |    64 |    77 |    90 |   405 |   832 |   468 ||  1936
       Skin              |       |       |     7 |       |       |       ||     7
Dodge: Dodged            |    31 |    72 |   102 |   226 |   437 |   220 ||  1088
Block: Buckler           |       |       |    18 |   138 |   231 |       ||   387
       Kite shield       |       |       |       |       |   301 |   501 ||   802
